AoeStats
← 俄佐立仲裁者泰菲力

African Clearing

505447142Analyzed
4v4 RM · 24d ago on Sep 9, 2026· 32m 33s· 8 players
Game mode
Random Map
Map size
Large (8 player)
Population
200
Speed
Normal
Resources
Standard
Victory
Conquest
Starting age
Dark Age
Ending age
Imperial Age
RankedLock teamsTeams togetherTeam positionsShared explorationLock speedFull tech treeHidden civsTurbo modeCheats
Victory
Defeat
🇭🇰 Bengalis · Hong Kong SAR China
1811
+7
🇸🇬 Italians · Singapore
1794
+8
🇭🇰 Armenians · Hong Kong SAR China
1704
+11
🇨🇳 Spanish · China
1621
+13
🇬🇧 Mapuche · United Kingdom
1627
-12
🇨🇭 Japanese · Switzerland
1592
-10
🇧🇷 Koreans · Brazil
1578
-9
🇹🇷 Turks · Türkiye
1546
-8
JustAGecko
12:45 Feudal Age
16:22 Castle Age
15:02 Double-Bit Axe
16:02 Loom
17:03 Gold Mining
17:25 Bow Saw
19:14 Forging
19:48 Fishing Lines
25:53 Horse Collar
27:03 Wheelbarrow
26:21 Gillnets
27:56 Iron Casting
34:28 Imperial Age
33:17 Hand Cart
p1c0
3:47 Loom
14:41 Feudal Age
18:25 Castle Age
16:35 Double-Bit Axe
18:07 Fletching
21:08 Bodkin Arrow
32:46 Wheelbarrow
Igris
5:08 Loom
13:50 Feudal Age
18:03 Castle Age
16:47 Double-Bit Axe
17:45 Horse Collar
18:36 Fletching
19:51 Crossbowman
21:12 Padded Archer Armor
22:39 Bodkin Arrow
26:37 Gold Mining
26:59 Bow Saw
27:53 Leather Archer Armor
Çıkmaz Sokak
11:13 Feudal Age
11:01 Loom
11:54 Loom
15:40 Castle Age
14:17 Double-Bit Axe
14:41 Gold Mining
17:35 Town Watch
21:59 Horse Collar
25:13 Wheelbarrow
30:51 Bow Saw
32:40 Padded Archer Armor
tim.13
3:47 Loom
13:22 Feudal Age
17:20 Castle Age
15:23 Double-Bit Axe
18:05 Wheelbarrow
18:34 Bow Saw
22:29 Horse Collar
30:09 Imperial Age
27:34 Gold Mining
27:54 Stone Mining
28:32 Forging
28:28 Scale Barding Armor
29:58 Stone Shaft Mining
29:46 Town Watch
30:17 Hand Cart
29:57 Fletching
30:07 Padded Archer Armor
30:39 Bodkin Arrow
31:36 Conscription
30:37 Elite Conquistador
32:37 Bloodlines
32:27 Husbandry
33:06 Leather Archer Armor
comrade in arms
10:32 Loom
12:18 Feudal Age
14:06 Double-Bit Axe
16:39 Castle Age
14:42 Stone Mining
15:11 Gold Mining
17:52 Bow Saw
18:49 Fletching
23:33 Ballistics
23:39 Bodkin Arrow
24:56 Padded Archer Armor
26:42 Town Watch
28:02 Horse Collar
29:17 Murder Holes
29:40 Leather Archer Armor
29:07 Treadmill Crane
30:04 Wheelbarrow
34:29 Imperial Age
俄佐立仲裁者泰菲力
10:36 Loom
12:49 Feudal Age
13:21 Double-Bit Axe
13:38 Town Watch
16:23 Horse Collar
21:31 Castle Age
19:55 Fletching
20:54 Scale Mail Armor
21:06 Man-at-Arms
21:32 Arson
22:41 Bow Saw
23:19 Squires
29:23 Herbal Medicine
29:38 Gambesons
欺负我有什么好
7:11 Loom
13:26 Feudal Age
15:41 Double-Bit Axe
18:01 Castle Age
18:28 Padded Archer Armor
31:29 Leather Archer Armor
31:57 Town Watch
Connection lost

Rejoining the realm…

Still unreachable

The connection could not be restored.

Session expired

The server has moved on; the page needs a fresh start.